 Dungeon Crawl Stone Soup version 0.21.1-1-g345015fe64 (webtiles) character file.

124 Kirk the Chopper (level 4, 35/35 HPs)
             Began as a Demonspawn Fighter on July 29, 2018.
             Quit the game on level 3 of the Dungeon.
             The game lasted 00:04:22 (2137 turns).

Kirk the Chopper (Demonspawn Fighter)               Turns: 2137, Time: 00:04:23

Health: 35/35      AC:  9    Str: 15    XL:     4   Next: 81%
Magic:  4/4        EV:  9    Int:  9    God:
Gold:   87         SH:  0    Dex: 15    Spells: 3/3 levels left

rFire    . . .     SeeInvis .   a - +0 war axe
rCold    . . .     Gourm    .   (no shield)
rNeg     . . .     Faith    .   b - +0 scale mail
rPois    .         Spirit   .   l - +1 helmet
rElec    .         Reflect  .   (no cloak)
rCorr    .         Harm     .   (no gloves)
MR       .....                  (no boots)
Stlth    ..........             (no amulet)
HPRegen  0.11/turn              (no ring)
MPRegen  0.09/turn              (no ring)

@: no status effects
A: agile 1, blurry vision 1, weak 1, rot immunity, MP-powered wands
a: no special abilities


You were on level 3 of the Dungeon.
You were not hungry.

You visited 1 branch of the dungeon, and saw 3 of its levels.

You collected 87 gold pieces.

Inventory:

Hand Weapons
 a - a +0 war axe (weapon)
 n - a +0 spear
 o - a cursed -3 hunting sling
Missiles
 p - 10 poisoned needles
Armour
 b - a +0 scale mail (worn)
 c - a +0 shield
 l - a +1 helmet (worn)
Scrolls
 e - 8 scrolls of remove curse {unknown}
 h - a scroll of teleportation {unknown}
 k - a scroll of fear {unknown}
 s - 2 scrolls of enchant armour
Potions
 d - 2 potions of might
 j - a potion of curing
 q - 2 potions of haste
 r - a potion of flight
Comestibles
 f - 4 rations


   Skills:
 - Level 3.0 Fighting
 * Level 4.1 Axes
 + Level 3.3 Armour
 - Level 2.6 Shields


You had 3 spell levels left.
You didn't know any spells.

Dungeon Overview and Level Annotations

Branches:
Dungeon (3/15)

Altars:
Wu Jian
Zin


Innate Abilities, Weirdness & Mutations

You are immune to rotting.
You are agile. (Dex +2)
Scrolls take you a little longer to read.
You are weak. (Str -2)
You expend magic power (3 MP) to strengthen your wands.


Message History

m - 2 potions of degeneration
As you read the scroll of identify, it crumbles to dust.
q - 2 potions of haste
As you read the scroll of identify, it crumbles to dust.
r - a potion of flight
Okay, then.
Drop what? 21/52 slots (_ for help) (? for menu, Esc to quit)
You drop 2 potions of degeneration.
As you read the scroll of identify, it crumbles to dust.
s - 2 scrolls of enchant armour
As you read the scroll of identify, it crumbles to dust.
t - a scroll of immolation Drop what? 19/52 slots (_ for help) (? for menu, Esc to quit)
You drop a scroll of immolation.
All of the chunks of flesh in your inventory have rotted away.
You feel extremely strange.
Your vision blurs.
You feel weaker.
You feel your magical essence link to your wands.
You feel agile.
Are you sure you want to abandon this character and quit the game? (Confirm with "yes".)

###### .....
.....#
##....#
..(...#
#..####.....#
#......†....#
###@....#
#....<..#
#...<...#
...........#
#.######....#
###..# ..#
... ###


There were no monsters in sight!

Vanquished Creatures
  6 adders (D:2)
  3 worms (D:2)
  A dart slug (D:2)
  7 leopard geckos
  2 giant cockroaches
  5 goblins
  5 hobgoblins
  8 kobolds
  A quokka (D:2)
  3 ball pythons
  5 bats
  3 frilled lizards (D:2)
  7 rats
56 creatures vanquished.

Notes
Turn   | Place    | Note
-------+----------+-------------------------------------------
     0 | D:1      | Kirk the Demonspawn Fighter began the quest for the Orb.
     0 | D:1      | Reached XP level 1. HP: 18/18 MP: 1/1
   188 | D:1      | Reached skill level 2 in Axes
   261 | D:1      | Gained mutation: You are immune to rotting. [demonic ancestry]
   261 | D:1      | Reached XP level 2. HP: 24/24 MP: 2/2
   664 | D:1      | Reached XP level 3. HP: 29/29 MP: 3/3
   823 | D:2      | Found an ornate altar of the Wu Jian Council.
   834 | D:2      | Reached skill level 3 in Axes
  1160 | D:2      | Reached XP level 4. HP: 28/35 MP: 4/4
  1517 | D:2      | Reached skill level 4 in Axes
  1666 | D:2      | Found a glowing silver altar of Zin.
  2136 | D:3      | Gained mutation: Scrolls take you a little longer to read. [potion of mutation]
  2136 | D:3      | Gained mutation: You are weak. (Str -2) [potion of mutation]
  2136 | D:3      | Gained mutation: You expend magic power (3 MP) to strengthen your wands. [potion of mutation]
  2136 | D:3      | Gained mutation: You are agile. (Dex +2) [potion of mutation]
  2137 | D:3      | Quit the game

Skill      XL: |  1  2  3  4 |
---------------+-------------+-----
Axes           | 2 3 4 |  4.1
Armour         | 3 |  3.3
Fighting       | |  3.0
Shields        | |  2.6

Action                   |  1- 3 |  4- 6 || total
-------------------------+-------+-------++-------
Melee: War axe           |   140 |    48 ||   188
  Use: Scroll            |       |     7 ||     7
       Potion            |       |     1 ||     1
  Eat: Chunk             |     1 |     3 ||     4
Armor: Scale mail        |    87 |    24 ||   111
Dodge: Dodged            |    69 |    31 ||   100
